 Dungeon Crawl Stone Soup version 0.21.1-1-g345015fe64 (webtiles) character file.

1416 HooM the Chopper (level 8, -1/71 HPs)
             Began as a Hill Orc Fighter on Mar 13, 2018.
             Was a Follower of Okawaru.
             Killed from afar by chimenez's ghost (12 damage)
             ... with a flame tongue
             ... on level 5 of the Dungeon.
             The game lasted 00:23:48 (3350 turns).

HooM the Chopper (Hill Orc Fighter)                 Turns: 3350, Time: 00:23:49

Health: -1/71      AC: 15    Str: 21    XL:     8   Next: 71%
Magic:  8/8        EV:  5    Int:  8    God:    Okawaru [*.....]
Gold:   238        SH: 10    Dex: 10    Spells: 7/7 levels left

rFire    . . .     SeeInvis .   x - +3 war axe
rCold    . . .     Gourm    .   c - +0 shield
rNeg     . . .     Faith    .   y - +0 plate armour
rPois    .         Spirit   .   (no helmet)
rElec    .         Reflect  .   (no cloak)
rCorr    +         Harm     .   s - +0 pair of gloves
MR       .....                  n - +0 pair of boots
Stlth    ..........             (no amulet)
HPRegen  0.21/turn              k - ring of wizardry
MPRegen  0.11/turn              z - ring of resist corrosion

@: no status effects
A: no striking features
a: Heroism, Renounce Religion


You were on level 5 of the Dungeon.
You worshipped Okawaru.
Okawaru was aware of your devotion.
You were hungry.

You visited 1 branch of the dungeon, and saw 5 of its levels.

You collected 238 gold pieces.

Inventory:

Hand Weapons
 x - a +3 war axe (weapon)
Armour
 c - a +0 shield (worn)
 n - a +0 pair of boots (worn)
 s - a +0 pair of gloves (worn)
 y - a +0 plate armour (worn)
Jewellery
 k - a ring of wizardry (left hand)
 z - a ring of resist corrosion (right hand)
Wands
 q - a wand of polymorph (10)
 t - a wand of paralysis (12)
Scrolls
 b - a scroll of remove curse
 e - 3 scrolls of teleportation
 h - 2 scrolls of noise {unknown}
 l - 2 scrolls of immolation {unknown}
 m - 2 scrolls of magic mapping
 o - a scroll of amnesia {unknown}
 p - a scroll of blinking {unknown}
Potions
 a - a potion of magic {unknown}
 d - 2 potions of might
 g - 2 potions of flight {unknown}
 i - 2 potions of resistance
 j - 3 potions of curing {unknown}
 r - a potion of brilliance {unknown}
 u - 3 potions of degeneration {unknown}
 v - 2 potions of haste {unknown}
 A - a potion of cancellation {unknown}
 B - a potion of mutation {unknown}
Books
 w - a book of Misfortune

   Spells                             Type                      Level
   a - Confusing Touch                Hexes                        1
   b - Confuse                        Hexes                        3
   c - Gell's Gravitas                Translocation                3
   d - Petrify                        Transmutation/Earth          4
   e - Metabolic Englaciation         Hexes/Ice                    5
   f - Yara's Violent Unravelling     Hexes/Transmutation          5
Comestibles
 f - 11 rations


   Skills:
 * Level 6.3 Fighting
 * Level 7.8 Axes
 * Level 5.7 Armour
 - Level 2.1 Dodging
 * Level 6.8 Shields
 - Level 0.2 Unarmed Combat


You had 7 spell levels left.
You didn't know any spells.

Dungeon Overview and Level Annotations

Branches:
Dungeon (5/15)
 Temple: D:4-7

Altars:
Okawaru

Annotations:
D:5 chimenez's ghost, novice OgFE


Message History

You hit chimenez's ghost.
Chimenez's ghost is severely damaged.
Chimenez's ghost screams, "I'll kill anyone who wants the ORB!"
You block chimenez's ghost's attack. You block the orc's attack.
You closely miss chimenez's ghost.
Chimenez's ghost is severely damaged.
Chimenez's ghost screams, "You will never get the ORB!"
Chimenez's ghost hits you. The orc closely misses you.
You closely miss chimenez's ghost.
Chimenez's ghost is severely damaged.
Chimenez's ghost casts a spell at you. The flame tongue hits you!
* * * LOW HITPOINT WARNING * * *
The orc hits you but does no damage. You block chimenez's ghost's attack.
You hit chimenez's ghost.
Chimenez's ghost is almost destroyed.
You block the orc's attack.
Chimenez's ghost points at you and mumbles some strange words.
The flame tongue hits you!
You die...

...#.#.#####.......####.#########
.....#..........#### #.#
...###########.## #.#
..o###########.# #.#
.......oWo...W.# #.#
##############)# #.# #.# #.#
#o########.# #{W@.......#
############


You could see chimenez's ghost and an orc.

Vanquished Creatures
  Grinder (D:4)
  The ghost of Gargoyl the Skirmisher, an amateur CeAK of Lugonu (D:4)
  3 ogres
  3 centaurs
  The ghost of LegateSergal the Skirmisher, a weakling GrBe of Trog (D:3)
  A howler monkey (D:4)
  A crimson imp (D:5)
  Crazy Yiuf (D:2)
  A centaur skeleton (D:4)
  3 hounds (D:4)
  A bullfrog skeleton (D:4)
  Natasha (thrice) (D:4)
  A worker ant (D:4)
  A hound skeleton (D:4)
  A howler monkey zombie (D:5)
  8 adders
  An ooze (D:1)
  A worm (D:2)
  7 leopard geckos
  15 orcs
  10 giant cockroaches
  6 hobgoblins
  3 jackals (D:3)
  6 kobolds
  5 ball pythons
  6 bats
  2 frilled lizards
  7 goblins
  A quokka skeleton (D:5)
  9 rats
110 creatures vanquished.

Notes
Turn   | Place    | Note
-------+----------+-------------------------------------------
     0 | D:1      | HooM the Hill Orc Fighter began the quest for the Orb.
     0 | D:1      | Reached XP level 1. HP: 19/19 MP: 1/1
   134 | D:1      | Reached XP level 2. HP: 26/27 MP: 2/2
   313 | D:1      | Reached skill level 3 in Axes
   526 | D:1      | Reached XP level 3. HP: 23/33 MP: 3/3
   689 | D:2      | Noticed a centaur
   698 | D:2      | Killed a centaur
   698 | D:2      | Reached skill level 4 in Axes
   698 | D:2      | Reached XP level 4. HP: 34/40 MP: 4/4
   698 | D:2      | Reached XP level 5. HP: 39/46 MP: 5/5
   861 | D:2      | Found a runed door.
   865 | D:2      | Noticed Crazy Yiuf
   927 | D:2      | Killed Crazy Yiuf
  1120 | D:3      | Noticed LegateSergal's ghost (weakling GrBe)
  1143 | D:3      | Killed LegateSergal's ghost
  1143 | D:3      | Reached skill level 5 in Axes
  1488 | D:3      | Reached XP level 6. HP: 47/53 MP: 6/6
  1964 | D:4      | Reached skill level 5 in Shields
  1968 | D:4      | Noticed Natasha
  1974 | D:4      | Killed Natasha
  2010 | D:4      | Reached skill level 6 in Axes
  2010 | D:4      | Reached skill level 1 in Dodging
  2010 | D:4      | Reached XP level 7. HP: 49/60 MP: 7/7
  2078 | D:4      | Noticed Natasha
  2091 | D:4      | Reached skill level 5 in Fighting
  2092 | D:4      | Killed Natasha
  2098 | D:4      | Found an iron altar of Okawaru.
  2103 | D:4      | Became a worshipper of Warmaster Okawaru
  2134 | D:4      | Noticed Natasha
  2142 | D:4      | Killed Natasha
  2255 | D:4      | Noticed Grinder
  2262 | D:4      | Noticed Gargoyl's ghost (amateur CeAK)
  2265 | D:4      | Paralysed by Grinder for 7 turns
  2287 | D:4      | Killed Gargoyl's ghost
  2299 | D:4      | Killed Grinder
  2299 | D:4      | Reached * piety under Okawaru
  2299 | D:4      | Reached skill level 7 in Axes
  2299 | D:4      | Reached skill level 5 in Armour
  2299 | D:4      | Reached XP level 8. HP: 33/69 MP: 8/8
  2713 | D:5      | Entered Level 5 of the Dungeon
  2895 | D:5      | Noticed chimenez's ghost (novice OgFE)
  3350 | D:5      | Killed from afar by chimenez's ghost

Skill      XL: |  1  2  3  4  5  6  7  8 |
---------------+-------------------------+-----
Fighting       | 4 5 6 |  6.3
Axes           | 3 4 5 6 7 |  7.8
Shields        | 4 5 6 |  6.8
Armour         | 4 5 |  5.7
Dodging        | 1 2 |  2.1
Unarmed Combat | |  0.2

Action                   |  1- 3 |  4- 6 |  7- 9 || total
-------------------------+-------+-------+-------++-------
Melee: War axe           |   149 |   148 |   167 ||   464
       Unarmed           |       |     9 |       ||     9
  Use: Scroll            |       |     4 |     1 ||     5
  Eat: Chunk             |       |     4 |     4 ||     8
Armor: Scale mail        |    26 |       |       ||    26
       Chain mail        |    66 |    95 |    29 ||   190
       Plate armour      |       |       |    49 ||    49
Dodge: Dodged            |    52 |    36 |    27 ||   115
Block: Shield            |    93 |    77 |    89 ||   259
